 Dungeon Crawl Stone Soup version 0.29.0-13-gc9e81de378 (webtiles) character file.

Game seed: 14159550010457731146

2 keekatzer the Caller (level 1, 0/14 HPs)
             Began as a Ghoul Summoner on Sept 9, 2022.
             Slain by a bat (1 damage)
             ... on level 1 of the Dungeon.
             The game lasted 00:00:40 (43 turns).

keekatzer the Caller (Ghoul Summoner)                 Turns: 43, Time: 00:00:41

Health: 0/14       AC:  2    Str: 11    XL:     1   Next: 40%
Magic:  0/2        EV: 12    Int: 10    God:
Gold:   6          SH:  0    Dex:  9    Spells: 2/3 levels left

rFire   . . .      SeeInvis .   (no weapon)
rCold   + . .      Faith    .   (no shield)
rNeg    + + +      Spirit   .   a - +0 robe
rPois   ∞          Reflect  .   (no helmet)
rElec   .          Harm     .   (no cloak)
rCorr   .          Rampage  .   (no gloves)
Will    .....                   (no boots)
Stlth   ++........              (no amulet)
HPRegen 0.00/turn               (no ring)
MPRegen 0.08/turn               (no ring)

@: inhibited regen
A: claws 1, cold resistance 1, negative energy resistance 3, inhibited
regeneration, torment resistance 2, devour on kill
a: no special abilities


You were on level 1 of the Dungeon.
You visited 1 branch of the dungeon, and saw 1 of its levels.

You collected 6 gold pieces.

Inventory:

Armour
 a - a +0 robe (worn)
Potions
 b - a potion of magic


   Skills:
 + Level 0.1 Fighting
 + Level 1.8 Dodging
 + Level 2.2 Stealth
 + Level 1.8 Spellcasting
 + Level 3.6 Summonings


You had 2 spell levels left.
You knew the following spells:

 Your Spells              Type           Power      Damage    Failure   Level
a - Summon Small Mammal   Summ           32%        N/A       7%          1

Your spell library contained the following spells:

 Spells                   Type           Power      Damage    Failure   Level
 Call Imp                 Summ           8%         N/A       11%         2
 Call Canine Familiar     Summ           8%         N/A       22%         3
 Summon Guardian Golem    Hex/Summ       4%         N/A       41%         3
 Summon Lightning Spire   Summ/Air       4%         N/A       83%         4


Dungeon Overview and Level Annotations

Branches:
Dungeon (1/15)

Altars:


Innate Abilities, Weirdness & Mutations

You are immune to poison.
You have sharp fingernails.
Your flesh is cold resistant. (rC+)
You are immune to negative energy. (rN+++)
You do not regenerate when monsters are visible.
You are immune to unholy pain and torment.
You thrive by killing the living.


Message History

Confirm with . or Enter, or press ? or * to list all spells.
Your bat disappears in a puff of smoke!
Your bat closely misses the giant cockroach.
The bat hits you but does no damage.
The giant cockroach barely misses your bat.
Your bat barely misses the giant cockroach.
The bat hits you but does no damage. The giant cockroach misses your bat.
Your bat closely misses the giant cockroach.
Your bat hits the giant cockroach but does no damage.
The giant cockroach misses your bat.
Your bat barely misses the giant cockroach.
The giant cockroach barely misses your bat.
Your bat closely misses the giant cockroach.
You closely miss the bat.
Your bat hits the giant cockroach but does no damage.
The bat closely misses you.
Your bat hits the giant cockroach but does no damage.
Something hits your bat. The giant cockroach misses your bat.
Your bat hits the giant cockroach but does no damage.
The bat misses your bat.
Your bat hits the giant cockroach. Your bat misses the bat.
Your bat barely misses the giant cockroach.
The giant cockroach misses your bat.
You closely miss the bat. Your bat hits the giant cockroach.
The giant cockroach dies!
The bat closely misses you. The bat hits you but does no damage.
The bat barely misses your bat.
Your bat barely misses the bat.
You closely miss the bat. Your bat hits the bat. The bat closely misses you.
The bat closely misses your bat. The bat misses you.
You closely miss the bat.
The bat is moderately wounded.
Your bat closely misses the bat.
The bat hits you but does no damage. The bat misses your bat.
You scratch the bat but do no damage.
The bat is moderately wounded.
The bat closely misses you.
Your bat closely misses the bat.
You completely miss the bat.
The bat is moderately wounded.
The bat hits you.
You die...

### # .. .. .##
#.##..## ......#
#########
#....###...8...##
#..b.##..8.<.8..#
#.#....#8@b.......8#
.......).b.8..(..8....
#..##...#8b........8#.
. #...##..8...8..##
#....###...8...##
......# #########
......## ###.## ..


You could see a bat (ally target) and 2 friendly bats.

Vanquished Creatures (collateral kills)
  A giant cockroach (D:1)
  A goblin (D:1)
2 creatures vanquished.

Notes
Turn   | Place    | Note
-------+----------+-------------------------------------------
     0 | D:1      | keekatzer the Ghoul Summoner began the quest for the Orb.
     0 | D:1      | Reached XP level 1. HP: 14/14 MP: 2/2
    43 | D:1      | Slain by a bat

Illustrated notes

Levels and vault maps discovered:
D:1:      erik_arrival_orb_chamber, layout_basic, ebering_ecumenical_altar_hall,
          minmay_tiny_reverse_x

Action                   || total
-------------------------++-------
Melee: Unarmed           ||    21
 Cast: Summon Small Mamm ||     4
Armor: Robe              ||    11
Dodge: Dodged            ||    25
